 Dungeon Crawl Stone Soup version 0.23-a0-14-g8c9a20f (webtiles) character file.

1775 galech the Chopper (level 8, -4/71 HPs)
             Began as a Minotaur Fighter on Aug 2, 2018.
             Was a Priest of Makhleb.
             Slain by an orc warrior
             ... wielding a +0 war axe
              (15 damage)
             ... on level 6 of the Dungeon.
             The game lasted 00:07:15 (5930 turns).

galech the Chopper (Minotaur Fighter)               Turns: 5930, Time: 00:07:16

Health: -4/71      AC:  7    Str: 21    XL:     8   Next: 80%
Magic:  10/10      EV:  8    Int:  5    God:    Makhleb [***...]
Gold:   294        SH: 10    Dex: 12    Spells: 7/7 levels left

rFire    + . .     SeeInvis .   a - +0 war axe
rCold    . . .     Gourm    .   c - +0 shield
rNeg     . . .     Faith    .   b - +0 scale mail
rPois    .         Spirit   .   (helmet restricted)
rElec    .         Reflect  .   (no cloak)
rCorr    +         Harm     .   (no gloves)
MR       .....                  (no boots)
Stlth    ..........             (no amulet)
HPRegen  0.21/turn              h - ring of resist corrosion
MPRegen  0.12/turn              C - ring of protection from fire

@: slowed, very slow
A: retaliatory headbutt, horns 2
a: Minor Destruction, Lesser Servant of Makhleb, Renounce Religion


You were on level 6 of the Dungeon.
You worshipped Makhleb.
Makhleb was most pleased with you.
You were not hungry.

You visited 1 branch of the dungeon, and saw 6 of its levels.
You also visited: Ossuary.

You collected 294 gold pieces.

Inventory:

Hand Weapons
 a - a +0 war axe (weapon)
 y - the +1 rapier of Pythris {speed, Str+7}
   (You found it on level 4 of the Dungeon)

   Attacks with this weapon are significantly faster.
   It affects your strength (+7).
Armour
 b - a +0 scale mail (worn)
 c - a +0 shield (worn)
Jewellery
 h - a ring of resist corrosion (left hand)
 A - a +2 ring of intelligence
 B - an uncursed ring of protection from cold
 C - a ring of protection from fire (right hand)
Wands
 D - a wand of disintegration (11)
Scrolls
 e - 6 scrolls of remove curse
 g - 5 scrolls of identify {unknown}
 j - 3 scrolls of magic mapping {unknown}
 k - a scroll of amnesia {unknown}
 o - 2 scrolls of enchant weapon {unknown}
 u - a scroll of blinking {unknown}
 v - a scroll of teleportation {unknown}
Potions
 d - 5 potions of might
 i - 2 potions of flight
 l - 3 potions of haste
 m - a potion of degeneration {unknown}
 n - 2 potions of lignification {unknown}
 p - 3 potions of heal wounds
 q - 4 potions of curing {unknown}
 r - 3 potions of mutation {unknown}
 s - a potion of invisibility {unknown}
 t - a potion of agility {unknown}
 x - a potion of ambrosia {unknown}
 z - 2 potions of magic {unknown}
Comestibles
 f - 13 rations
 w - 2 chunks of flesh


   Skills:
 + Level 6.9 Fighting
 + Level 7.3 Axes
 + Level 7.2 Armour
 - Level 1.0 Dodging
 + Level 6.8 Shields
 + Level 4.1 Invocations


You had 7 spell levels left.
You didn't know any spells.
Your spell library was empty.

Dungeon Overview and Level Annotations

Branches:
Dungeon (6/15)
 Temple: D:4-7

Altars:
Ashenzari
Hepliaklqana
Makhleb
Nemelex Xobeh
Ru
Uskayaw
Yredelemnul
The Shining One


Innate Abilities, Weirdness & Mutations

You reflexively headbutt those who attack you in melee.
You have a pair of horns on your head.


Message History

You are too injured to fight recklessly!
You are too injured to fight recklessly!
You hit the orc warrior but do no damage.
Your headbutt misses the orc warrior.
The orc warrior is severely wounded.
You block the orc warrior's attack.
You closely miss the orc warrior.
The orc warrior is severely wounded.
The orc warrior hits you with a war axe!!
* * * LOW HITPOINT WARNING * * *
You block the orc warrior's attack.
You hit the orc warrior but do no damage.
The orc warrior is severely wounded.
The orc warrior closely misses you.
Some of the chunks of flesh in your inventory have rotted away.
You hit the orc warrior but do no damage.
You headbutt the orc warrior, but do no damage.
The orc warrior is severely wounded.
The orc warrior hits you with a war axe!
You die...

##...#
#...##
##...# #...#
#...# ##..#
. #..# ##...
##.###......
#.)@o....#
#####.#### #


You could see an orc warrior.

Vanquished Creatures
  A water moccasin (D:6)
  An ogre (D:6)
  3 centaurs
  3 water moccasin zombies (Ossuary)
  3 crimson imps
  A bullfrog zombie (D:6)
  8 hounds
  A jelly (D:4)
  4 orc priests
  An iguana (D:6)
  4 orc wizards
  9 worker ants
  3 big kobold zombies (Ossuary)
  A hound skeleton (D:4)
  2 mummies (Ossuary)
  A worker ant zombie (D:6)
  6 adders
  A shadow imp (D:6)
  2 oozes (D:5)
  3 adder zombies (Ossuary)
  3 worms
  A dart slug (D:2)
  4 leopard geckos
  16 orcs
  3 giant cockroaches
  4 gnoll zombies (Ossuary)
  6 goblins
  5 hobgoblins
  6 jackals (D:6)
  14 kobolds
  A quokka (D:2)
  5 bats
  5 frilled lizards
  2 goblin skeletons (D:4)
  2 goblin zombies (D:4)
  9 hobgoblin zombies
  7 kobold zombies
  A leopard gecko skeleton (D:4)
  2 orc skeletons (D:4)
  2 orc zombies (Ossuary)
  4 rats
160 creatures vanquished.

Notes
Turn   | Place    | Note
-------+----------+-------------------------------------------
     0 | D:1      | galech the Minotaur Fighter began the quest for the Orb.
     0 | D:1      | Reached XP level 1. HP: 19/19 MP: 0/0
    46 | D:1      | Reached XP level 2. HP: 23/27 MP: 1/1
   714 | D:2      | Reached XP level 3. HP: 27/33 MP: 2/2
  1146 | D:2      | Found a faded altar of an unknown god.
  1286 | D:2      | Found a sparkling altar of Nemelex Xobeh.
  1288 | D:2      | Found a hazy altar of Hepliaklqana.
  1415 | D:3      | Reached XP level 4. HP: 25/41 MP: 3/3
  2380 | D:3      | Reached XP level 5. HP: 30/47 MP: 4/4
  2471 | D:3      | Found a burning altar of Makhleb.
  2497 | D:3      | Became a worshipper of Makhleb the Destroyer
  2751 | D:4      | Found a shattered altar of Ashenzari.
  2755 | D:4      | Reached skill level 1 in Dodging
  2760 | D:4      | Found a sand-covered staircase.
  2766 | Ossuary  | Entered an ossuary
  2790 | Ossuary  | Reached skill level 5 in Axes
  2829 | Ossuary  | Reached skill level 5 in Armour
  2829 | Ossuary  | Reached XP level 6. HP: 36/53 MP: 5/5
  2840 | Ossuary  | Reached skill level 1 in Invocations
  3066 | Ossuary  | Reached * piety under Makhleb
  3071 | Ossuary  | Reached skill level 5 in Fighting
  3299 | D:4      | Reached skill level 5 in Shields
  3299 | D:4      | Reached XP level 7. HP: 25/61 MP: 7/7
  3308 | D:4      | HP: 3/61 [poisoned by a worker ant]
  3729 | D:4      | Found a glowing golden altar of the Shining One.
  3988 | D:4      | Reached ** piety under Makhleb
  4006 | D:4      | Got a polished rapier
  4007 | D:4      | Identified the +1 rapier of Pythris {speed, Str+7} (You found it on level 4 of the Dungeon)
  4120 | D:4      | Found a basalt altar of Yredelemnul.
  4267 | D:5      | Entered Level 5 of the Dungeon
  4372 | D:5      | Found a sacrificial altar of Ru.
  4743 | D:5      | Reached XP level 8. HP: 70/70 MP: 9/9
  5829 | D:6      | Found a glowing golden altar of the Shining One.
  5829 | D:6      | Found a hide-covered altar of Uskayaw.
  5919 | D:6      | Reached *** piety under Makhleb
  5930 | D:6      | Slain by an orc warrior

Vault maps used:
D:1:      dpeg_arrival_stone_temple_mockup, hangedman_decor_clover_reticule
D:2:      minitemple, chequers_ecumenical_altar_simple
D:3:      makhleb_grotto_becter
D:4:      cheibrodos_pilgrimage, ashenzari_conservatory_becter,
          lemuel_crystal_altar, enter_ossuary_5, first_ration,
          nicolae_tso_besieged_by_evil
D:5:      hangedman_ru_absence, minmay_misc_feat_hallway
D:6:      gammafunk_temple_overflow_elements, serial_curves, eino_curves_01,
          eino_curves_03, dk_yredelemnul_ordeal
Ossuary:  ossuary_tomb_2

Skill      XL: |  1  2  3  4  5  6  7  8 |
---------------+-------------------------+-----
Fighting       | 4 5 6 |  6.9
Armour         | 4 5 6 7 |  7.2
Shields        | 4 5 6 |  6.8
Axes           | 3 4 5 6 7 |  7.3
Dodging        | 1 |  1.0
Invocations    | 1 2 4 |  4.1

Action                   |  1- 3 |  4- 6 |  7- 9 || total
-------------------------+-------+-------+-------++-------
Melee: War axe           |   108 |   167 |   158 ||   433
       Headbutt          |    11 |    35 |    55 ||   101
       Rapier            |       |       |    51 ||    51
  Use: Scroll            |       |     1 |       ||     1
       Potion            |       |       |     3 ||     3
  Eat: Chunk             |     1 |     5 |     7 ||    13
       Ration            |       |     1 |       ||     1
Armor: Scale mail        |    43 |    50 |    66 ||   159
Dodge: Dodged            |    45 |    41 |    65 ||   151
Block: Shield            |    75 |    71 |   117 ||   263

Table legend:
 A = Spawn XP
 B = Non-spawn XP
 C = Spawn XP percentage of total XP
 D = Spawn monster count
 E = Non-spawn monster count
 F = Spawn count percentage of total count
 G = Total turns spent on level
                    A         B        C        D         E        F      G
               +---------+---------+-------+---------+---------+-------+---------
         Total |       0 |    2536 |   0.0 |       0 |     160 |   0.0 |  5930
               +---------+---------+-------+---------+---------+-------+---------
           D:1 |       0 |      34 |   0.0 |       0 |      19 |   0.0 |   664
           D:2 |       0 |      51 |   0.0 |       0 |      20 |   0.0 |   736
           D:3 |       0 |     175 |   0.0 |       0 |      16 |   0.0 |  1331
           D:4 |       0 |     516 |   0.0 |       0 |      33 |   0.0 |  1073
           D:5 |       0 |     550 |   0.0 |       0 |      18 |   0.0 |  1291
           D:6 |       0 |     822 |   0.0 |       0 |      24 |   0.0 |   372
       Ossuary |       0 |     388 |   0.0 |       0 |      30 |   0.0 |   463
               +---------+---------+-------+---------+---------+-------+---------
